 Dungeon Crawl Stone Soup version 0.13.0-19-g8e0b589 (webtiles) character file.

455 MDvedh the Chopper (level 5, -1/39 HPs)
             Began as a Demonspawn Death Knight on Oct 25, 2013.
             Was a Believer of Yredelemnul.
             Slain by a water moccasin (6 damage)
             ... on Level 5 of the Dungeon.
             The game lasted 00:08:40 (3977 turns).

MDvedh the Chopper (Demonspawn Death Knight)        Turns: 3977, Time: 00:08:40

HP  -1/39        AC  8     Str 15      XL: 5   Next: 76%
MP   9/9         EV  8     Int 12      God: Yredelemnul [**....]
Gold 220         SH  0     Dex 12      Spells:  0 memorised,  4 levels left

Res.Fire  : + . .   See Invis. : .   a - +1,+2 hand axe {=f}
Res.Cold  : + . .   Warding    : .   g - +0 dwarf scale mail
Life Prot.: . . .   Conserve   : .   (no shield)
Res.Poison: .       Res.Corr.  : .   s - +1 dwarf helmet
Res.Elec. : .       Clarity    : .   (no cloak)
Sust.Abil.: + .     Spirit.Shd : .   (no gloves)
Res.Mut.  : .       Stasis     : .   (no boots)
Res.Rott. : .       Flight     : .   (no amulet)
Saprovore : . . .                    r - ring of sustain abilities {unknown}
                                     k - ring of protection from fire

@: quite poisoned, slightly resistant to hostile enchantments, extremely
unstealthy
A: cold resistance 1, nightstalker 1
a: Animate Remains, Recall Undead Slaves, Injury Mirror, Renounce Religion


You were on level 5 of the Dungeon.
You worshipped Yredelemnul.
Yredelemnul was pleased with you.
You were not hungry.

You visited 1 branch of the dungeon, and saw 5 of its levels.

You collected 200 gold pieces.

Inventory:

Hand weapons
 a - a +1,+2 hand axe (weapon) {=f}
Armour
 g - a +0 dwarven scale mail (worn)
 s - a +1 dwarven helmet (worn)
Magical devices
 o - a wand of flame (5)
Comestibles
 c - 4 bread rations
 n - a meat ration
Scrolls
 j - a scroll of teleportation
 m - a scroll of recharging {unknown}
 q - 6 scrolls of remove curse
 u - a scroll of identify
Jewellery
 i - an uncursed ring of protection from fire
 k - a ring of protection from fire (left hand)
 r - a ring of sustain abilities (right hand) {unknown}
Potions
 e - 2 potions of agility
 p - a potion of slowing {unknown}


   Skills:
 - Level 2.0 Fighting
 + Level 5.5 Axes
 - Level 0.8 Armour
 - Level 0.8 Dodging
 - Level 3.6 Invocations


You had 4 spell levels left.
You didn't know any spells.

Dungeon Overview and Level Annotations

Branches:
Dungeon (5/27)
 Temple: D:4-7

Altars:
Yredelemnul

Annotations:
D:4 Schatten's ghost, average MiFi


Innate Abilities, Weirdness & Mutations

Your flesh is cold resistant.
You are slightly more attuned to the shadows.


Message History

* * * LOW HITPOINT WARNING * * *
You are more poisoned.
The water moccasin poisons you! The hound bites you but does no damage.
The water moccasin closely misses you.
You closely miss the hound.
The hound is heavily wounded.
You hit the water moccasin.
The water moccasin is almost dead.
* * * LOW HITPOINT WARNING * * *
You feel sick. The hound closely misses you.
The water moccasin barely misses you.
You barely miss the hound.
The hound is heavily wounded.
You miss the water moccasin.
The water moccasin is almost dead.
* * * LOW HITPOINT WARNING * * *
You feel sick. The hound bites you but does no damage.
The water moccasin bites you.
You die...
Your body rises from the dead as a mindless zombie.

... .......
...........
...........
.............
.............
..#...%S.......
.......@.......
......h........
.............
#............
#..........
.#.........
....... ...


You could see a water moccasin and a hound.

Vanquished Creatures
  An orc priest (D:4)
  Terence (D:3)
  A big fish zombie (D:2)
  2 adders
  2 worms
  An ooze (D:3)
  9 orcs
  5 giant cockroaches
  5 hobgoblins
  13 jackals
  12 kobolds
  A quokka (D:5)
  5 bats
  5 giant geckos
  2 giant newts
  10 goblins
  A hobgoblin skeleton (D:4)
  An orc zombie (D:3)
  8 rats
  A rat skeleton (D:4)
86 creatures vanquished.

Vanquished Creatures (collateral kills)
  The ghost of Charos the Exhumer, a weakling DEDK of Yredelemnul (D:3)
  Jessica (D:3)
  A big fish zombie (D:2)
  A bat (D:3)
4 creatures vanquished.

Vanquished Creatures (others)
  2 kobold zombies (D:3)
  An orc zombie (D:4)
3 creatures vanquished.

Grand Total: 93 creatures vanquished

Notes
Turn   | Place    | Note
--------------------------------------------------------------
     0 | D:1      | MDvedh, the Demonspawn Death Knight, began the quest for the Orb.
     0 | D:1      | Reached XP level 1. HP: 16/16 MP: 2/2
   536 | D:1      | Gained mutation: You are slightly more attuned to the shadows. [demonic ancestry]
   536 | D:1      | Reached XP level 2. HP: 12/22 MP: 4/4
  1282 | D:2      | Reached XP level 3. HP: 20/27 MP: 5/5
  2143 | D:2      | Gained mutation: Your flesh is cold resistant. [demonic ancestry]
  2143 | D:2      | Reached XP level 4. HP: 17/34 MP: 7/7
  2147 | D:2      | Found a basalt altar of Yredelemnul.
  2281 | D:3      | Reached skill level 4 in Axes
  2450 | D:3      | Noticed Jessica
  2459 | D:3      | Killed Jessica
  2476 | D:3      | Noticed Charos' ghost (weakling DEDK)
  2491 | D:3      | Killed Charos' ghost
  2555 | D:3      | Acquired Yredelemnul's second power
  2682 | D:3      | Reached XP level 5. HP: 33/39 MP: 9/9
  2705 | D:3      | Noticed Terence
  2731 | D:3      | Killed Terence
  2839 | D:3      | Reached skill level 5 in Axes
  3200 | D:4      | Noticed Schatten's ghost (average MiFi)
  3942 | D:5      | Entered Level 5 of the Dungeon
  3967 | D:5      | HP: 1/39 [poisoned by a water moccasin]
  3977 | D:5      | Slain by a water moccasin

Action                   |  1- 3 |  4- 6 || total
-------------------------+-------+-------++-------
Melee: Hand axe          |   181 |   198 ||   379
Invok: Animate Remains   |     1 |     5 ||     6
  Use: Scroll            |    11 |     6 ||    17
       Potion            |       |     6 ||     6
 Stab: Sleeping          |     1 |     1 ||     2
       Distracted        |       |     1 ||     1
